Map: Dusk Towers

Players

Burt - Winner!

  • Race: Terran Terran
  • League: Platinum

pxvxl

  • Race: Protoss Protoss

VOD

Have the link to the VOD?

Description

Time

  • Played on: Dec. 19, 2015, 3:21 p.m.
  • Length: 12:59
Show
View Real Time Build Order
Export as new Build Order

Burt Terran - Winner!

Build Orders: Liberator Opening 

Get SALT Encoding   

  12  0:01  SCV  
  13  0:13  SCV  
  14  0:18  Supply Depot  
  14  0:25  SCV  
  15  0:40  SCV  
  15  0:42  Barracks  
  16  0:50  Refinery  
  16  0:52  SCV  
  16  0:54  Refinery  
  17  1:04  SCV  
  18  1:16  SCV  
  19  1:20  Supply Depot  
  19  1:28  SCV  
  19  1:30  Marine  
  21  1:40  Orbital Command  
  21  1:45  Engineering Bay  
  20  2:07  SCV  
  21  2:09  Factory  
  21  2:10  Marine  
  22  2:19  SCV  
  23  2:31  SCV, Marine  
  25  2:43  SCV  
  26  2:52  Command Center, Widow Mine  
  26  2:55  Barracks Reactor, SCV  
  29  3:04  Starport  
  29  3:07  SCV  
  30  3:15  Supply Depot  
  30  3:19  SCV  
  31  3:22  Factory Tech Lab  
  31  3:36  Marine x2  
  31  3:37  SCV  
  31  3:39  Supply Depot  
  31  3:40  Siege Tank  
  37  3:43  Liberator  
  37  3:52  SCV  
  38  3:57  Marine  
  38  4:00  Marine  
  38  4:02  Supply Depot  
  43  4:05  Orbital Command  
  43  4:21  SCV  
  43  4:22  Engineering Bay, Marine x2  
  46  4:27  Siege Tank  
  46  4:31  SCV  
  50  4:33  SCV  
  51  4:43  SCV, Starport Tech Lab  
  51  4:44  Marine x2  
  54  4:47  SCV  
  54  4:50  Missile Turret  
  55  4:55  SCV  
  55  4:59  Terran Infantry Weapons Level 1, SCV  
  57  5:02  Marine x2  
  57  5:03  Raven  
  61  5:07  SCV  
  60  5:19  Marine  
  60  5:20  Barracks, Marine  
  60  5:22  Barracks  
  57  5:31  Siege Tank  
  57  5:35  SCV x2  
  62  5:37  Marine x2  
  62  5:40  Missile Turret  
  64  5:47  SCV x2  
  66  5:55  Marine  
  67  6:00  Marine  
  67  6:01  Medivac  
  70  6:05  SCV  
  70  6:07  Supply Depot, SCV  
  70  6:20  Supply Depot  
  70  6:21  Supply Depot  
  70  6:25  Marine x4  
  70  6:26  SCV x2  
  76  6:38  SCV x2  
  78  6:42  Siege Tank  
  78  6:43  Marine x4  
  78  6:44  Medivac  
  67  7:01  Marine  
  67  7:04  Marine x2  
  67  7:06  SCV  
  67  7:07  SCV  
  63  7:12  Liberator  
  62  7:19  SCV x2  
  63  7:22  Barracks Tech Lab  
  63  7:23  Barracks Tech Lab  
  63  7:24  Marine  
  63  7:25  Siege Tank, Marine  
  63  7:26  Command Center  
  68  7:31  SCV x2  
  68  7:36  Refinery  
  73  7:38  Refinery  
  73  7:42  Marine  
  73  7:43  SCV  
  75  7:44  Missile Turret, Marine x2  
  75  7:47  Marauder  
  79  7:51  Combat Shields  
  76  8:18  Marine x4  
  76  8:19  Siege Tank  
  83  8:21  Banshee  
  82  8:31  SCV x2  
  84  8:36  Marine x4  
  84  8:39  Supply Depot  
  88  8:42  Supply Depot x2  
  88  8:43  SCV x2  
  90  8:54  Siege Tank, Marine x3  
  90  8:55  SCV x2  
  98  9:02  Orbital Command  
  98  9:07  SCV  
  99  9:10  Marine  
  99  9:11  Marine  
  99  9:12  Banshee, Marine  
  105  9:22  Engineering Bay  
  105  9:23  Refinery  
  105  9:26  Terran Infantry Armor Level 1, Siege Tank, Armory  
  105  9:30  Refinery  
  108  9:32  Stimpack  
  108  9:33  SCV x3  
  108  9:34  Marine x4  
  115  9:41  Supply Depot, Liberator  
  115  9:45  SCV x3  
  117  9:50  Missile Turret  
  117  9:51  Marine  
  117  9:52  Marine x2  
  121  9:57  SCV x3  
  121  9:59  Marine  
  127  10:05  Siege Tank  
  131  10:09  SCV x2, Marine x2  
  131  10:10  SCV, Marine  
  134  10:30  SCV  
  134  10:31  SCV x2, Marine x4  
  141  10:50  Missile Turret  
  141  10:56  Marine  
  141  10:58  Siege Tank  
  141  10:59  SCV, Marine  
  141  11:00  SCV x2, Marine x2  
  120  11:12  SCV  
  120  11:14  Marine  
  120  11:17  Marine x2  
  120  11:18  Marine  
  117  11:30  Banshee, Siege Tank  
  117  11:32  Marine  
  119  11:35  Marine x3  
  119  11:39  SCV x3  
  123  11:49  Marine  
  123  11:52  SCV  
  123  11:53  SCV x2, Marine x3  
  126  12:03  Missile Turret  
  126  12:04  Missile Turret  
  126  12:05  SCV x2  
  126  12:06  Siege Tank  
  126  12:07  SCV, Marine  
  133  12:11  Marine x3  
  133  12:13  Banshee  
  139  12:17  SCV x2  
  141  12:24  SCV  
  141  12:25  Marine  
  141  12:28  Refinery, Marine  
  141  12:29  Marine x2  
  146  12:31  Missile Turret  
  146  12:32  Missile Turret x2  
  146  12:35  Missile Turret  
  146  12:38  Refinery  
  144  12:52  Command Center  
Show
View Real Time Build Order
Export as new Build Order

pxvxl Protoss 

Build Orders: Oracle Opening 

Get SALT Encoding   

  12  0:01  Probe (Chrono Boost)  
  13  0:12  Probe (Chrono Boost)  
  14  0:17  Pylon  
  14  0:24  Probe (Chrono Boost)  
  15  0:36  Probe (Chrono Boost)  
  15  0:38  Gateway  
  16  0:45  Assimilator  
  16  0:47  Probe (Chrono Boost)  
  17  0:57  Probe (Chrono Boost)  
  18  1:08  Probe (Chrono Boost)  
  19  1:20  Probe (Chrono Boost)  
  19  1:25  Cybernetics Core  
  20  1:27  Pylon  
  20  1:30  Probe (Chrono Boost)  
  20  1:47  Probe (Chrono Boost)  
  21  2:03  Warp Gate (Chrono Boost)  
  21  2:05  Mothership Core (Chrono Boost)  
  23  2:08  Pylon  
  23  2:14  Adept  
  25  2:22  Nexus  
  25  2:29  Probe (Chrono Boost)  
  26  2:32  Assimilator  
  26  2:40  Probe (Chrono Boost)  
  27  2:48  Adept  
  29  2:54  Gateway  
  29  2:57  Probe  
  30  3:07  Gateway  
  30  3:09  Probe  
  31  3:15  Stargate  
  31  3:36  Probe  
  31  3:38  Probe  
  33  3:53  Probe x2, Assimilator  
  35  3:56  Adept  
  35  3:57  Adept  
  35  3:59  Oracle  
  42  4:03  Probe  
  42  4:05  Probe  
  44  4:17  Probe  
  44  4:22  Robotics Facility  
  44  4:23  Pylon  
  45  4:25  Probe  
  45  4:29  Probe  
  47  4:33  Adept x2  
  47  4:35  Adept  
  53  4:45  Oracle  
  56  4:48  Probe  
  57  4:52  Assimilator  
  57  4:54  Probe  
  57  4:57  Adept  
  60  5:00  Adept  
  62  5:41  Pylon  
  62  5:42  Pylon  
  62  5:44  Gateway x2  
  62  5:47  Gateway  
  62  5:50  Pylon  
  62  5:52  Pylon  
  62  5:57  Probe, Pylon  
  62  5:58  Oracle  
  62  5:59  Probe, Observer  
  68  6:08  Probe  
  68  6:10  Adept x3  
  68  6:11  Probe  
  72  6:23  Immortal (Chrono Boost), Probe  
  77  6:26  Pylon  
  77  6:27  Pylon  
  74  6:43  Stalker x2  
  78  6:47  Adept x2  
  74  7:16  Probe  
  74  7:18  Probe  
  74  7:19  Immortal (Chrono Boost), Oracle  
  83  7:27  Probe  
  84  7:30  Probe, Adept x3  
  84  7:31  Adept  
  84  7:35  Sentry  
  95  7:37  Probe  
  76  8:21  Adept x3  
  76  8:22  Adept x3  
  76  8:24  Oracle  
  76  8:25  Immortal (Chrono Boost)  
  76  8:26  Probe  
  85  8:27  Probe  
  85  8:40  Probe (Chrono Boost)  
  82  8:47  Mothership Core (Chrono Boost)  
  85  8:51  Forge  
  85  8:58  Probe (Chrono Boost)  
  85  9:01  Nexus  
  86  9:04  Pylon  
  86  9:05  Immortal  
  86  9:06  Probe (Chrono Boost)  
  86  9:07  Pylon  
  91  9:12  Probe (Chrono Boost)  
  91  9:16  Probe (Chrono Boost)  
  93  9:19  Sentry x4  
  93  9:21  Sentry  
  103  9:25  Protoss Ground Weapons Level 1 (Chrono Boost)  
  103  9:31  Oracle  
  106  9:54  Adept x4  
  106  9:55  Adept x2  
  122  10:14  Immortal, Oracle  
  125  10:34  Probe x2  
  126  10:35  Probe  
  126  10:39  Twilight Council  
  126  10:41  Pylon  
  128  10:44  Adept x4  
  128  10:45  Adept x2  
  140  10:53  Immortal  
  107  11:08  Adept x5  
  107  11:09  Adept  
  81  11:25  Oracle  
  60  11:34  Adept  
  60  11:35  Stalker x5  
  68  11:54  Mothership Core  
  58  11:55  Immortal (Chrono Boost)  
  62  12:04  Oracle  
  62  12:05  Adept  
  62  12:06  Adept x5  
  67  12:28  Adept x2  
  67  12:29  Adept x2  
  75  12:31  Adept  
  75  12:33  Adept  
Tags
 
Add a new tag
Caveats
  • Supply blocks, unpowered buildings, or Contaminate may cause inaccurate times.
  • Supply counts are checked every 10 seconds.